 Dungeon Crawl Stone Soup version 0.26-a0-1012-gedcf9b2963 (webtiles) character file.

Game seed: 6630951123905342150

1 Floopie the Sneak (level 1, -19/20 HPs)
             Began as a Deep Dwarf Delver on Dec 7, 2020.
             Demolished by an ogre
             ... wielding a +0 giant club
              (29 damage)
             ... on level 6 of the Dungeon.
             The game lasted 00:01:11 (55 turns).

Floopie the Sneak (Deep Dwarf Delver)                 Turns: 55, Time: 00:01:11

Health: -19/20     AC:  5    Str: 15    XL:     1   Next: 16%
Magic:  1/1        EV: 11    Int: 10    God:
Gold:   12         SH:  0    Dex: 14    Spells: 0/0 levels left

rFire    . . .     SeeInvis .   a - +0 hand axe
rCold    . . .     Faith    .   (no shield)
rNeg     . . .     Spirit   .   O - +0 ring mail
rPois    .         Reflect  .   (no helmet)
rElec    .         Harm     .   (no cloak)
rCorr    .         Rampage  .   (no gloves)
Will     .....                  (no boots)
Stlth    +++.......             N - amulet of inaccuracy (curse)
HPRegen  0.00/turn              (no ring)
MPRegen  0.07/turn              (no ring)

@: non-regenerating, hasted, very quick
A: damage resistance, heal wounds, sense surroundings 1, no regeneration
a: Heal Wounds


You were on level 6 of the Dungeon.
You visited 1 branch of the dungeon, and saw 2 of its levels.

You collected 12 gold pieces.

Inventory:

Hand Weapons
 a - a +0 hand axe (weapon)
Armour
 b - a +0 leather armour
 O - a +0 ring mail (worn)
Jewellery
 N - a cursed amulet of inaccuracy (around neck)
Wands
 D - a wand of digging (3)
Scrolls
 c - a scroll of fog
 e - a scroll of fear
 M - a scroll of magic mapping


   Skills:
 - Level 2.6 Fighting
 + Level 2.3 Axes
 - Level 2.1 Dodging
 - Level 6.0 Stealth


You couldn't memorise any spells.
You didn't know any spells.
Your spell library was empty.

Dungeon Overview and Level Annotations

Branches:
Dungeon (6/15)
 Temple: D:4-7

Altars:


Innate Abilities, Weirdness & Mutations

You are resistant to damage.
You can heal yourself by infusing magical energy.
You passively map a small area around you.
You do not regenerate.


Message History

You barely miss the jackal.
The jackal bites you but does no damage.
The worker ant zombie bites you but does no damage.
You hit the worker ant zombie but do no damage.
The worker ant zombie is almost destroyed.
You closely miss the jackal. The jackal barely misses you.
The jackal completely misses you. The worker ant zombie misses you.
You feel yourself speed up. The jackal barely misses you.
A worker ant comes into view.
The worker ant zombie bites you. The jackal closely misses you.
You closely miss the ogre. You barely miss the jackal.
You hit the worker ant zombie. The ogre hits you with a +0 giant club.
The worker ant zombie barely misses you.
The jackal barely misses you.
You closely miss the ogre. You barely miss the worker ant zombie.
You barely miss the jackal.
The jackal bites you but does no damage.
The ogre hits you with a +0 giant club!!
Ouch! That really hurt!
You die...

...###.##.####......
,, ##..........(...
. , ,
*#..........#.###,..
* #...?......#..##.
* #..........# ... *
, *
#..........##.##,
#..........#..#
#........Z...# , ,
#........h@### *, ,
#.(.......O# * *
...(......# *, , *
##..##.### * #.. #.
#. #B * . , , , * .
, , ,, ,


You could see an ogre, a worker ant, a worker ant zombie and a jackal.

Vanquished Creatures
  A jackal (D:6)
1 creature vanquished.

Notes
Turn   | Place    | Note
-------+----------+-------------------------------------------
     0 | D:5      | Floopie the Deep Dwarf Delver began the quest for the Orb.
     0 | D:5      | Reached XP level 1. HP: 20/20 MP: 1/1
    48 | D:6      | Noticed an ogre
    53 | D:6      | Noticed a worker ant
    55 | D:6      | Demolished by an ogre

Illustrated notes

Levels and vault maps discovered:
D:5:      layout_loops_cross, minmay_misc_feat_rugged, uniq_crazy_yiuf_cottage,
          uniq_blork_the_orc
D:6:      kennysheep_kobold_camp, layout_rooms, eat_drink_and_be_merry_uskayaw,
          lemuel_coloured_pillars_altar

Action                   || total
-------------------------++-------
Melee: Hand axe          ||    20
  Use: Potion            ||     1
Armor: Ring mail         ||    12
Dodge: Dodged            ||    19

Table legend: (Time is in decaauts)
 A = Elapsed time spent in this place.
 B = Non-inter-level travel time spent in this place.
 C = Inter-level travel time spent in this place.
 D = Time resting spent in this place.
 E = Time spent auto-exploring this place.
 F = Levels seen in this place.
 G = Mean time per level.
                   A        B        C        D        E       F      G
               +--------+--------+--------+--------+--------+-----+--------+
         Total |     58 |     58 |      0 |      0 |      0 |   2 |   29.0 |
       Dungeon |     58 |     58 |      0 |      0 |      0 |   2 |   29.0 |
               +--------+--------+--------+--------+--------+-----+--------+

Top non-repeatable levels by time:
     D:6: 57 daAuts
     D:5: 1 daAuts
